 Dungeon Crawl Stone Soup version 0.31-a0-408-gb642c7f9a3 (webtiles) character file.

Game seed: 3040429875093626078

17 drugrobin the Sneak (level 2, -1/37 HPs)
             Began as a Demigod Delver on July 30, 2023.
             Slain by an adder (2 damage)
             ... on level 3 of the Dungeon.
             The game lasted 00:03:07 (391 turns).

drugrobin the Sneak (Demigod Delver)                 Turns: 391, Time: 00:03:07

Health: -1/37      AC:  3    Str: 13    XL:     2   Next: 30%
Magic:  4/4        EV: 11    Int: 12    God:
Gold:   17         SH:  0    Dex: 15    Spells: 1/1 levels left

rFire   . . .        a - +0 hand axe
rCold   . . .        (no shield)
rNeg    . . .        b - +0 leather armour
rPois   .            (no helmet)
rElec   .            (no cloak)
rCorr   .            (no gloves)
SInv    .            (no boots)
Will    .....        (no amulet) Stlth
                     (no ring)
HPRegen 0.26/turn    (no ring)
MPRegen 0.09/turn

%: no passive effects
@: berserking, very quick
A: high MP 1, forlorn, divine attributes
a: no special abilities


You were on level 3 of the Dungeon.
You visited 1 branch of the dungeon, and saw 3 of its levels.

You collected 17 gold pieces.

Inventory:

Hand Weapons
 a - a +0 hand axe (weapon)
Armour
 b - a +0 leather armour (worn)
Wands
 g - a wand of digging (2)
 l - a wand of charming (6)
Scrolls
 c - a scroll of fog
 k - 2 scrolls of brand weapon {unknown}
Potions
 j - a potion of heal wounds {unknown}


   Skills:
 - Level 2.6 Fighting
 + Level 2.3 Axes
 - Level 1.7 Dodging
 - Level 4.8 Stealth


You had one spell level left.
You didn't know any spells.
Your spell library contained the following spells:

 Spells                   Type           Power      Damage    Failure   Level
 Summon Guardian Golem    Hex/Summ       0%         N/A       77%         3
 Orb of Destruction       Conj           0%         9d5       100%        7
 Spellforged Servitor     Conj/Summ      0%         N/A       100%        7


Dungeon Overview and Level Annotations

Branches:
Dungeon (5/15)
 Temple: D:4-7

Annotations:
D:4 Grinder


Innate Abilities, Weirdness & Mutations

You have an increased reservoir of magic. (+10% MP)
You shall have no god before yourself.
Your divine heritage dramatically boosts your attributes as you level up.


Message History

Unknown command.
You hit the adder.
The adder is lightly wounded.
You hit the orc.
You feel sick. The adder barely misses you. The orc hits you with a +0 flail!
* * * LOW HITPOINT WARNING * * *
The adder completely misses you.
Unknown command.
Unknown command.
Unknown command.
Unknown command.
You hit the adder.
The adder is moderately wounded.
You hit the orc but do no damage.
You feel sick.
Your orc wizard casts a spell at the adder.
The puff of flame hits the orc!
The orc dies!
The adder barely misses you.
Your orc wizard closely misses the orc.
The orc barely misses you.
Unknown command.
Unknown command.
Unknown command.
Unknown command.
You closely miss the adder.
The adder is moderately wounded.
You hit the orc.
You feel sick. The adder completely misses you. The adder barely misses you.
The orc hits you with a +0 club.
* * * LOW HITPOINT WARNING * * *
Your orc wizard hits the orc with a +0 dagger.
Unknown command.
Unknown command.
Unknown command.
Unknown command.
Unknown command.
It was a potion of berserk rage.
A red film seems to cover your vision as you go berserk!
You feel yourself moving faster!
You feel mighty!
You feel sick.
You are no longer poisoned.
The adder bites you.
You die...

#....# #.#
#......... #.#
#......... #.#
#.o..B..$. #.#
#......... #.#
#......... #o#
#.........
#>###oS.......
#.#.o.@....#
#...########
#..## #..#
#.## ###


You could see an orc wizard, an adder (ally target), an orc, a giant cockroach
and a friendly orc wizard (charmed).

Vanquished Creatures
  An adder (D:5)
  An endoplasm (D:4)
  3 jackals
5 creatures vanquished.

Vanquished Creatures (collateral kills)
  An orc (D:3)
1 creature vanquished.

Grand Total: 6 creatures vanquished

Notes
Turn   | Place    | Note
-------+----------+-------------------------------------------
     0 | D:5      | drugrobin the Demigod Delver began the quest for the Orb.
     0 | D:5      | Reached XP level 1. HP: 18/18 MP: 3/3
    61 | D:5      | Noticed an ice beast
    79 | D:5      | Noticed a gnoll bouda
   156 | D:5      | Noticed a howler monkey
   188 | D:5      | Noticed a sleepcap
   212 | D:4      | Noticed a hound
   213 | D:4      | Noticed Grinder
   246 | D:3      | Reached XP level 2. HP: 13/25 MP: 4/4
   390 | D:3      | HP: 1/25 [orc/+0 club (2)]
   391 | D:3      | Slain by an adder

Illustrated notes

Levels and vault maps discovered:
D:3:      layout_rooms, slow_altar_2, ebering_ecumenical_altar_rust
D:4:      layout_basic, uniq_grinder, uniq_natasha
D:5:      layout_basic, lemuel_coloured_pillars_altar, nicolae_letterblocks
          [nicolae_letter_subblock, nicolae_letter_subblock,
          nicolae_letter_subblock, nicolae_letter_subblock,
          nicolae_letter_subblock, nicolae_letter_subblock,
          nicolae_letter_subblock, nicolae_letter_subblock,
          nicolae_letter_subblock, nicolae_letter_subblock,
          nicolae_letter_subblock, nicolae_letter_subblock,
          nicolae_letter_subblock, nicolae_letter_subblock,
          nicolae_letter_subblock, nicolae_letter_subblock,
          nicolae_letter_subblock, nicolae_letter_subblock,
          nicolae_letter_subblock, nicolae_letter_subblock,
          nicolae_letter_subblock, nicolae_letter_subblock,
          nicolae_letter_subblock, nicolae_letter_subblock,
          nicolae_letter_subblock]

Skill      XL: |  1 |
---------------+----+-----
Axes           | 2 |  2.3
Fighting       | |  2.6
Dodging        | |  1.7
Stealth        | |  4.8

Action                     || total
---------------------------++-------
  Melee: Hand axe          ||    33
         Punch             ||     1
  Evoke: Wand              ||     2
    Use: Potion            ||     3
         Scroll            ||     2
 Armour: Leather armour    ||    14
  Dodge: Dodged            ||    39

Table legend: (Time is in decaauts)
 A = Elapsed time spent in this place.
 B = Non-inter-level travel time spent in this place.
 C = Inter-level travel time spent in this place.
 D = Time resting spent in this place.
 E = Time spent auto-exploring this place.
 F = Levels seen in this place.
 G = Mean time per level.
                   A        B        C        D        E       F      G
               +--------+--------+--------+--------+--------+-----+--------+
         Total |    380 |    368 |     12 |    134 |     27 |   3 |  126.7 |
       Dungeon |    380 |    368 |     12 |    134 |     27 |   3 |  126.7 |
               +--------+--------+--------+--------+--------+-----+--------+

Top non-repeatable levels by time:
     D:5: 206 daAuts
     D:3: 86 daAuts
     D:4: 86 daAuts
